 Dungeon Crawl Stone Soup version 0.30-b1-2-g02819fbbbe (webtiles) character file.

Game seed: 2956652455027188321

554250 Mesmaeker13 the Lord of Darkness (level 25, -2/191 HPs)
             Began as a Mummy Necromancer on June 7, 2023.
             Was the Champion of Kikubaaqudgha.
             Killed from afar by Jory (41 damage)
             ... with a crystal spear
             ... on level 5 of the Vaults on June 9, 2023.
             The game lasted 04:33:41 (75791 turns).

Mesmaeker13 the Lord of Darkness (MuNe)            Turns: 75791, Time: 04:33:42

Health: -2/191     AC: 32    Str: 15    XL:     25   Next: 64%
Magic:  7/42       EV: 24    Int: 26    God:    Kikubaaqudgha [******]
Gold:   4452       SH: 21    Dex: 19    Spells: 12/54 levels left

rFire   + . .        B - +6 demon trident (heavy)
rCold   . . .        F - +2 kite shield {AC+3}
rNeg    + + +        f - +6 fire dragon scales
rPois   ∞            q - +1 hat of the Gloaming {Contam Fly Int+3 Dex+4}
rElec   .            t - +4 cloak of Jiryp {rN+ rCorr}
rCorr   +            m - +0 pair of fencer's gloves {Riposte Dex+3}
SInv    +            P - +2 pair of boots {rampage}
Will    ++++.        i - amulet "Gehiteg" {Reflect rN+ SH+5 Stlth+}
Stlth   +++          H - ring of Givvihin {rN+ Will+ SInv Stlth+}
HPRegen 0.51/turn    L - ring of the Hare {EV+10}
MPRegen 0.28/turn

%: reflection, rampage, faith
@: flying, studying Dodging
A: cold resistance 1, negative energy resistance 3, torment resistance 2, heat
vulnerability 1, in touch with death 2, no potions, faith
}: 2/15 runes: barnacled, gossamer
a: Renounce Religion, Unearth Wretches, Torment


You were on level 5 of the Vaults.
You worshipped Kikubaaqudgha.
Kikubaaqudgha was exalted by your worship.
You visited 10 branches of the dungeon, and saw 46 of its levels.
You also visited: Trove, Sewer, Gauntlet, Ice Cave, Wizlab and Desolation.

You collected 7081 gold pieces.
You spent 2629 gold pieces at shops.

Inventory:

Hand Weapons
 B - a +6 heavy demon trident (weapon)
 D - a +9 demon trident of pain
Missiles
 h - 4 throwing nets
 A - 7 curare-tipped darts (quivered)
Armour
 c - the +2 cloak of the First Snow {rC+ Stlth+}
   (You found it in the Desolation of Salt)

   rC:        It protects you from cold.
   Stlth:     It makes you more stealthy.
 f - +6 fire dragon scales (worn)
 m - the +0 pair of fencer's gloves (worn) {Riposte Dex+3}
   (You acquired it on level 1 of the Orcish Mines)

   Riposte:   It allows the wearer to riposte with melee weapons, swiftly
   retaliating against missed or blocked melee attacks.
   Dex:       It affects your dexterity (+3).
 n - the +2 robe "Yqufumm" {rCorr Int+4 SInv Archmagi}
   (You took it off a vampire mage on level 2 of the Crypt)

   Int:       It affects your intelligence (+4).
   SInv:      It lets you see invisible.
   rCorr:     It protects you from acid and corrosion.
   Archmagi:  It increases the power of your magical spells.
 p - a scarf of repulsion
 q - the +1 hat of the Gloaming (worn) {Contam Fly Int+3 Dex+4}
   (You bought it in a shop on level 9 of the Dungeon)

   Int:       It affects your intelligence (+3).
   Dex:       It affects your dexterity (+4).
   Fly:       It grants you flight.
   Contam:    It causes magical contamination when unequipped.
 t - the +4 cloak of Jiryp (worn) {rN+ rCorr}
   (You found it on level 5 of the Dungeon)

   rN:        It protects you from negative energy.
   rCorr:     It protects you from acid and corrosion.
 u - the +2 pair of gloves of Chimes {rF++ rN+ rCorr}
   (You found it on level 3 of the Elven Halls)

   rF:        It greatly protects you from fire.
   rN:        It protects you from negative energy.
   rCorr:     It protects you from acid and corrosion.
 F - a +2 kite shield of protection (worn)
 P - a +2 pair of boots of rampaging (worn)
 Q - a scarf of resistance
Jewellery
 d - the ring "Goecot" {Drain rElec rF+++ rN+ Will-}
   (You found it in the Desolation of Salt)

   [ring of positive energy]

   rF:        It renders you almost immune to fire.
   rElec:     It insulates you from electricity.
   rN:        It protects you from negative energy.
   Drain:     It drains your maximum health when unequipped.
   Will:      It decreases your willpower.
 e - a ring of protection from cold
 i - the amulet "Gehiteg" (around neck) {Reflect rN+ SH+5 Stlth+}
   (You bought it in a shop on level 1 of the Orcish Mines)

   [amulet of reflection]

   It reflects blocked missile attacks.
   rN:        It protects you from negative energy.
   SH:        It affects your SH (+5).
   Stlth:     It makes you more stealthy.
 v - the amulet of Itiok {Acrobat rF+ Dex+2}
   (You found it on level 1 of the Vaults)

   [amulet of the acrobat]

   It increases your evasion while moving and waiting.
   Dex:       It affects your dexterity (+2).
   rF:        It protects you from fire.
 H - the ring of Givvihin (left hand) {rN+ Will+ SInv Stlth+}
   (You took it off a deep elf annihilator on level 3 of the Elven Halls)

   [ring of see invisible]

   rN:        It protects you from negative energy.
   SInv:      It lets you see invisible.
   Will:      It increases your willpower.
   Stlth:     It makes you more stealthy.
 I - the amulet "Amoynem" {Acrobat Will+}
   (You found it in a wizard's laboratory)

   [amulet of the acrobat]

   It increases your evasion while moving and waiting.
   Will:      It increases your willpower.
 K - a +4 ring of slaying
 L - the ring of the Hare (right hand) {EV+10}
   (You found it in a Gauntlet)

   [ring of evasion]

   EV:        It affects your evasion (+10).
 N - the ring of Irimule {Wiz rN+ SInv Stlth+}
   (You found it in a Gauntlet)

   [ring of wizardry]

   It improves your spell success rate.
   rN:        It protects you from negative energy.
   SInv:      It lets you see invisible.
   Stlth:     It makes you more stealthy.
Wands
 g - a wand of digging (17)
Scrolls
 a - 10 scrolls of fog
 b - a scroll of poison
 k - 2 scrolls of amnesia
 l - 2 scrolls of silence
 o - 25 scrolls of identify
 s - 13 scrolls of vulnerability
 w - 3 scrolls of torment
 x - 13 scrolls of magic mapping
 z - 9 scrolls of teleportation
 M - 6 scrolls of blinking
Miscellaneous
 E - a phantom mirror (inert)


   Skills:
 - Level 14.2 Fighting
 - Level 5.1 Short Blades
 - Level 14.3 Polearms
 - Level 12.0 Armour
 + Level 11.2 Dodging
 - Level 4.2 Stealth
 - Level 14.6 Shields
 - Level 15.2 Spellcasting
 + Level 19.2 Hexes
 - Level 20.3 Necromancy
 + Level 11.6 Ice Magic
 - Level 12.2 Earth Magic


You had 12 spell levels left.
You knew the following spells:

 Your Spells              Type           Power      Damage    Failure   Level
a - Death Channel         Necr           68%        N/A       1%          6
b - Enfeeble              Hex            44%        N/A       5%          7
c - Dispel Undead         Necr           100%       3d31      1%          4
d - Borgnjor's Vile Clut  Necr/Erth      62%        N/A       1%          5
e - Anguish               Hex/Necr       67%        N/A       1%          4
f - Agony                 Necr           100%       N/A       1%          5
g - Metabolic Englaciati  Hex/Ice        39%        N/A       1%          5
h - Simulacrum            Ice/Necr       62%        N/A       3%          6

Your spell library contained the following spells:

 Spells                   Type           Power      Damage    Failure   Level
 Necrotise                Necr           100%       1d9       0%          1
 Vampiric Draining        Necr           100%       2d13      0%          3
 Freeze                   Ice            100%       1d10      1%          1
 Kiss of Death            Conj/Necr      100%       2d13      1%          1
 Sandblast                Erth           100%       2d20      1%          1
 Cigotuvi's Dreadful Rot  Necr/Pois/Air  100%       N/A       1%          2
 Ensorcelled Hibernation  Hex/Ice        100%       N/A       1%          2
 Passwall                 Tmut/Erth      42%        N/A       1%          2
 Dazzling Flash           Conj/Hex       100%       N/A       1%          3
 Frozen Ramparts          Ice            100%       1d16      1%          3
 Inner Flame              Hex/Fire       63%        N/A       1%          3
 Summon Guardian Golem    Hex/Summ       63%        N/A       1%          3
 Animate Dead             Necr           100%       N/A       1%          4
 Cause Fear               Hex            44%        N/A       1%          4
 Fulminant Prism          Conj/Hex       31%        3d16      3%          4
 Hailstorm                Conj/Ice       50%        3d11      4%          3
 Stone Arrow              Conj/Erth      100%       3d13      4%          3
 Silence                  Hex/Air        31%        N/A       9%          5
 Summon Mana Viper        Hex/Summ       63%        N/A       9%          5
 Yara's Violent Unravell  Hex/Tmut       31%        3d13      9%          5
 Petrify                  Tmut/Erth      51%        N/A       14%         4
 Magic Dart               Conj           76%        1d6       17%         1
 Shock                    Conj/Air       76%        1d7       17%         1
 Sting                    Tmut/Pois      76%        1d6       17%         1
 Summon Small Mammal      Summ           76%        N/A       17%         1
 Blink                    Tloc           38%        N/A       26%         2
 Lesser Beckoning         Tloc           38%        N/A       26%         2
 Poisonous Vapours        Pois/Air       38%        N/A       26%         2
 Searing Ray              Conj           38%        2d5       26%         2
 Static Discharge         Conj/Air       38%        2-4/arc   26%         2
 Infestation              Necr           68%        N/A       26%         8
 Call Canine Familiar     Summ           19%        N/A       45%         3
 Gell's Gravitas          Tloc           19%        N/A       45%         3
 Ignite Poison            Fire/Tmut/Pois 19%        N/A       45%         3
 Swiftness                Air            19%        N/A       45%         3
 Teleport Other           Tloc           19%        N/A       45%         3
 Volatile Blastmotes      Fire/Tloc      38%        2d13      45%         3
 Freezing Cloud           Conj/Ice/Air   19%        6-21      67%         5
 Airstrike                Air            9%         2d(2-18)  86%         4
 Flame Wave               Conj/Fire      19%        2d7       86%         4
 Iskenderun's Mystic Bla  Conj/Tloc      19%        2d6       86%         4
 Manifold Assault         Tloc           19%        N/A       86%         4
 Olgreb's Toxic Radiance  Pois           19%        N/A       86%         4
 Passage of Golubria      Tloc           19%        N/A       86%         4
 Sticky Flame             Conj/Fire      19%        2d4       86%         4
 Summon Lightning Spire   Summ/Air       19%        N/A       86%         4
 Haunt                    Necr/Summ      52%        N/A       91%         7
 Alistair's Intoxication  Tmut/Pois      12%        N/A       99%         5
 Irradiate                Conj/Tmut      9%         3d14      99%         5
 Summon Forest            Summ/Tloc      9%         N/A       99%         5
 Dispersal                Tloc           9%         N/A       100%        6
 Eringya's Noxious Bog    Tmut/Pois      9%         N/A       100%        6
 Starburst                Conj/Fire      9%         6d5       100%        6
 Summon Cactus Giant      Summ           9%         N/A       100%        6
 Malign Gateway           Summ/Tloc      9%         N/A       100%        7
 Summon Hydra             Summ           9%         N/A       100%        7
 Lehudib's Crystal Spear  Conj/Erth      25%        10d7      100%        8
 Summon Horrible Things   Summ           9%         N/A       100%        8
 Dragon's Call            Summ           9%         N/A       100%        9
 Sublimation of Blood     Necr           Unusable   N/A       N/A         2
 Wereblood                Tmut           Unusable   N/A       N/A         2
 Spider Form              Tmut/Pois      Unusable   N/A       N/A         3
 Statue Form              Tmut/Erth      Unusable   N/A       N/A         6
 Dragon Form              Tmut           Unusable   N/A       N/A         7
 Storm Form               Tmut/Air       Unusable   N/A       N/A         7
 Necromutation            Tmut/Necr      Unusable   N/A       N/A         8

Dungeon Overview and Level Annotations

Branches:
Dungeon (15/15)            Temple (1/1) D:6            Lair (5/5) D:8
 Shoals (4/4) Lair:3       Spider (4/4) Lair:2        Slime (0/5) Lair:5
    Orc (2/2) D:12            Elf (3/3) Orc:2        Vaults (5/5) D:13
  Crypt (3/3) Vaults:3       Tomb (0/3) Crypt:3      Depths (4/4) D:15
    Zot (0/5) Depths:4      Sewer (visited)           IceCv (visited)
 WizLab (visited)         Desolation (visited)      Gauntlet (visited)

Altars:
Ashenzari
Cheibriados
Dithmenos
Fedhas
Gozag
Hepliaklqana
Kikubaaqudgha
Makhleb
Nemelex Xobeh
Okawaru
Qazlal
Ru
Sif Muna
Trog
Uskayaw
Vehumet
Wu Jian
Xom
Yredelemnul
Jiyva

Shops:
D:5 [(**:   D:9 *:*   D:10 ?   Orc:1 ==   Orc:2 *=?=   Elf:3 =   Shoals:2 *
Vaults:3 *   Depths:4 (

Portals:
Hell: Depths:1 Depths:2 Depths:3 Depths:4
Abyss: Depths:3 Depths:4
Pandemonium: Depths:2 Depths:3
Ziggurat: Depths:3

Annotations:
D:5 2 transporters
Lair:4 exclusion: oklob plant
Vaults:5 Jory
Crypt:1 1 runed translucent door, Ntrails's ghost, legendary DjCA


Innate Abilities, Weirdness & Mutations

You are immune to poison.
Your flesh is cold resistant. (rC+)
You are immune to negative energy. (rN+++)
You are immune to unholy pain and torment.
You are vulnerable to heat. (rF-)
You are strongly in touch with the powers of death.
You do not drink.
You have a special connection with the divine. (Faith)


Message History

Your spectral titan fades into mist! x2
Reach: B) +6 demon trident (heavy)
Press: ? - help, Dir - move target, f/p - frost giant
Aim: a frost giant, wielding a +1 battleaxe of freezing (lightly wounded, about 9% to evade your +6 heavy demon trident)
You puncture the frost giant!
The frost giant is moderately wounded.
The frost giant gestures at you while chanting.
The bolt of cold hits you!!!
* * * LOW HITPOINT WARNING * * *
Casting: Borgnjor's Vile Clutch (mildly dangerous; 1% risk of failure)
Confirm with . or Enter, or press ? or * to list all spells.
Aiming: Borgnjor's Vile Clutch (mildly dangerous; 1% risk of failure)
Press: ? - help, Shift-Dir - straight line, f/p - frost giant
Aim: a frost giant, wielding a +1 battleaxe of freezing (moderately wounded, 100% to hit)
You feel a strong surge of power!
Zombie hands grab the frost giant.
The zombie hands constrict the frost giant!
The frost giant casts a spell at you. The bolt of cold misses you.
You can't drink.
Unknown command.
Okay, then.
Unknown command.
Unknown command.
You puncture the frost giant!
The frost giant is heavily wounded.
The zombie hands constrict the frost giant!
The frost giant gestures at you while chanting.
The bolt of cold misses you.
You puncture the frost giant!
The frost giant is severely wounded.
The zombie hands constrict the frost giant!
You block the frost giant's attack.
You stick the frost giant like a pincushion!!!
You kill the frost giant!
Kikubaaqudgha accepts your kill. Jory casts a spell at you.
The crystal spear hits you!!!
You die...
Kikubaaqudgha rasps: "You have failed me!
Welcome... oblivion!"

#..#.. ...:.
###..#. ..# ..
#..... ..#
C#.#..... ..#
......V.####..#
......).#..#..#
#)#..#..#
#.@..#..#
#.......#
###########)...#
..........)†...#
...............#
################


You could see Jory.

Vanquished Creatures
  A juggernaut (Depths:2)
  A royal mummy (WizLab)
  The ghost of Mayja the Impregnable, a veteran DDBe of Trog (Elf:2)
  Boris (twice) (Vaults:2 Vaults:4)
  A shard shrike (IceCv)
  Bai Suzhen (D:15)
  2 caustic shrikes
  4 golden dragons
  A profane servitor (Crypt:3)
  Nikola (Depths:1)
  2 bone dragons
  Arachne (Spider:2)
  Zenata (Crypt:2)
  5 tentacled monstrosities
  The ghost of WiseOSalty the Warrior, an adept DsFi of Qazlal (Elf:2)
  Mlioglotl (Spider:2)
  A titan (Vaults:5)
  2 krakens (Shoals:4)
  4 quicksilver dragons
  11 liches
  2 deep elf blademasters (Elf:3)
  2 deep elf master archers (Elf:3)
  11 ancient champions
  5 sphinxes
  5 shadow dragons
  6 tengu reavers
  Kirke (D:14)
  5 storm dragons
  2 revenants (Crypt:3)
  3 draconian monks (Depths:4)
  2 deep elf sorcerers
  A draconian knight (Depths:4)
  5 fire giants
  6 frost giants
  3 emperor scorpions
  Louise (Shoals:2)
  An iron dragon (Depths:3)
  9 vault wardens
  A ghost moth (shapeshifter) (Depths:2)
  7 imperial myrmidons (Desolation)
  2 ghost moths (Spider:4)
  Aizul (Spider:3)
  9 ghouls
  4 deep elf elementalists
  3 orc warlords
  A curse skull (Crypt:2)
  2 broodmothers (Spider:2)
  2 draconian annihilators (Depths:4)
  2 angels (Vaults:4)
  A reaper (Crypt:3)
  6 very ugly things (Depths:3)
  10 stone giants
  The ghost of baljet the Spry, an adept FeSu of Gozag (Elf:1)
  3 spriggan defenders
  2 war gargoyles
  17 ironbound preservers
  4 green draconians (Depths:4)
  4 deep elf demonologists (Elf:3)
  An ironbound thunderhulk (Vaults:3)
  7 vampire knights
  5 deep elf annihilators (Elf:3)
  7 dire elephants
  A black draconian (Depths:4)
  4 red draconians (Depths:4)
  4 white draconians
  A bunyip (Gauntlet)
  3 purple draconians (Depths:4)
  7 deep elf death magi
  4 spark wasps
  A merfolk impaler (Shoals:2)
  3 merfolk javelineers
  13 ettins
  A blizzard demon (Depths:4)
  13 eidola
  2 mummy priests (WizLab)
  7 fire dragons
  4 ragged hierophants (Desolation)
  2 entropy weavers
  9 jiangshi
  A quicksilver dragon skeleton (Crypt:3)
  9 yaktaur captains
  2 great orbs of eyes
  15 vault guards
  6 hydras
  2 hell beasts (Depths:1)
  2 merfolk avatars
  13 peacekeepers
  3 radroaches
  2 servants of whispers (Desolation)
  3 spriggan air magi
  The ghost of Gekot the Fighter, a journeyman GrFi of Okawaru (D:10)
  2 ogre magi (Orc:2)
  6 ice dragons
  2 alligator snapping turtles (Shoals:4)
  3 spriggan skeletons
  3 death knights
  5 merfolk aquamancers
  3 boulder beetles
  A satyr (Shoals:3)
  14 centaur warriors
  A bennu skeleton (Crypt:2)
  7 ironbound frosthearts
  32 dancing weapons
  4 catoblepae
  4 tengu warriors
  8 two-headed ogres
  An azure jelly zombie (Crypt:1)
  4 deep troll shamans
  9 death yaks
  An alligator (Lair:5)
  3 deep troll earth magi
  12 vampire magi
  4 spriggan berserkers
  17 deep elf knights
  2 hell knights (Vaults:5)
  A soul eater (Crypt:3)
  2 sun demons (Shoals:1)
  4 iron trolls
  A skyshark (shapeshifter) (Vaults:2)
  32 skeletal warriors
  2 golden dragon zombies
  2 skysharks
  2 titan skeletons
  2 death drakes (Depths:4)
  A shadow wraith (Crypt:2)
  An anaconda zombie (Crypt:3)
  7 sea snakes
  A spectral iron dragon (Crypt:3)
  A quicksilver dragon simulacrum (Depths:1)
  3 pharaoh ants
  3 glowing orange brains
  A spark wasp zombie (WizLab)
  60 deep trolls
  An obsidian statue (Vaults:4)
  10 orb spiders
  4 wizards
  2 storm dragon skeletons
  18 ironbound convokers
  A golden dragon skeleton (Crypt:3)
  7 flayed ghosts
  5 steelbarb worms
  20 harpies
  2 bog bodies (Crypt:1)
  8 deep elf archers
  4 orc knights
  2 sphinx zombies
  17 wolf spiders
  10 phantasmal warriors
  7 necromancers
  8 lindwurms
  2 human zombies
  A faun (Shoals:3)
  26 deep elf pyromancers
  34 deep elf zephyrmancers
  4 cyclopes
  An orc sorcerer (Orc:1)
  An eleionoma zombie (Crypt:2)
  A shadow dragon skeleton (Depths:2)
  A stone giant zombie (WizLab)
  10 manticores
  23 ugly things
  An iron dragon skeleton (Crypt:1)
  3 human skeletons
  2 moths of wrath (Spider:3)
  3 water nymphs
  A stone giant skeleton (Crypt:1)
  A frost giant skeleton (Vaults:2)
  A shock serpent zombie (Crypt:2)
  4 merfolk sirens
  3 elephants (Lair:3)
  2 black mambas
  9 demonic crawlers
  11 vault sentinels
  2 dire elephant zombies (Crypt:3)
  3 torpor snails
  A centaur skeleton (Crypt:1)
  A molten gargoyle (Desolation)
  7 cane toads
  4 dire elephant skeletons
  A black draconian zombie (Crypt:3)
  Maggie (D:7)
  2 guardian serpents (Desolation)
  Psyche (D:12)
  A rime drake (shapeshifter) (D:13)
  2 naga skeletons
  An alligator snapping turtle skeleton (Crypt:3)
  13 rime drakes
  A spriggan zombie (WizLab)
  4 freezing wraiths
  2 tengu conjurers (Depths:2)
  8 komodo dragons
  An ice devil (D:10)
  An elf skeleton (Vaults:1)
  10 yaktaurs
  A pale draconian skeleton (Crypt:3)
  3 guardian mummies
  A yaktaur skeleton (Vaults:2)
  3 meliai
  7 trolls
  14 merfolk
  10 polar bears
  3 wind drakes
  17 tarantellas
  A hydra skeleton (Crypt:1)
  3 hornets (Gauntlet)
  10 harpy skeletons (Crypt:1)
  9 dream sheep
  3 blink frogs
  42 saltlings (Desolation)
  51 slime creatures
  4 centaur simulacra
  15 jumping spiders
  11 flying skulls
  15 water elementals
  An alligator skeleton (Crypt:2)
  4 ettin skeletons
  An air elemental (Elf:3)
  A shadow (D:11)
  7 snapping turtles
  38 yaks
  2 elf zombies
  2 spriggans (shapeshifter)
  7 wraiths
  14 culicivoras
  A vampire (Crypt:3)
  2 wyverns
  4 black mamba skeletons (Crypt:1)
  A human (shapeshifter) (Elf:1)
  8 basilisks
  3 hogs
  An ice dragon skeleton (Crypt:1)
  30 redbacks
  9 humans
  3 steam dragons
  2 vampire mosquitoes (D:12)
  5 wargs
  2 glowing shapeshifter zombies (WizLab)
  A swamp worm (shapeshifter) (D:15)
  6 water moccasins
  3 tengu zombies (WizLab)
  A floating eye (Depths:1)
  A fire bat skeleton (Crypt:3)
  A snapping turtle zombie (Crypt:3)
  A demonspawn skeleton (Crypt:1)
  9 orc warriors
  2 black bears
  A hornet zombie (Crypt:3)
  A sky beast (D:8)
  7 ice beasts
  A manticore zombie (Crypt:3)
  7 boggarts
  10 wolves
  14 ogres
  An elephant skeleton (Crypt:3)
  2 swamp dragon skeletons
  6 centaurs
  A phantom (D:5)
  An elf simulacrum (Vaults:3)
  Blork the orc (D:4)
  3 kobold brigands
  3 necrophages (Crypt:1)
  6 bullfrogs
  2 gnoll sergeants
  2 earth elementals
  6 scorpions
  A draconian skeleton (Crypt:1)
  3 wights (D:3)
  2 raiju zombies
  A water moccasin skeleton (Crypt:3)
  8 killer bees (D:9)
  4 howler monkeys
  7 jellies
  2 hounds (D:5)
  5 orc priests
  2 gnoll boudas
  Terence (D:3)
  A black bear skeleton (Crypt:1)
  8 orc wizards
  A sleepcap (D:6)
  5 iguanas
  12 mummies (Crypt:3)
  15 gnolls
  11 adders
  A river rat (D:6)
  A shadow imp (D:6)
  5 white imps
  An ufetubus (D:5)
  A worm (D:3)
  6 dart slugs
  62 orcs
  14 bats
  5 endoplasms
  10 giant cockroaches
  7 goblins
  2 hobgoblins
  4 jackals
  4 quokkas
  4 ball pythons
  An endoplasm zombie (Crypt:1)
  2 frilled lizards (D:1)
  A frilled lizard skeleton (Crypt:1)
  11 kobolds
  5 rats
  7 tentacles (Shoals:4)
1680 creatures vanquished.

Vanquished Creatures (collateral kills)
  An ancient lich (Vaults:5)
  3 caustic shrikes (Depths:4)
  A lich (Depths:3)
  2 quicksilver dragons (Depths:4)
  4 titans
  2 sphinxes (Depths:3)
  Polyphemus (Shoals:2)
  A kraken (Shoals:4)
  2 draconian monks (Depths:4)
  4 tengu reavers
  3 fire giants
  5 vault wardens
  A frost giant (Vaults:5)
  An emperor scorpion (Spider:4)
  A deep elf elementalist (Elf:3)
  An imperial myrmidon (Desolation)
  3 ghost moths
  10 ironbound preservers
  A draconian annihilator (Depths:4)
  A spriggan defender (Depths:2)
  2 war gargoyles
  2 very ugly things
  A caustic shrike skeleton (Depths:2)
  3 stone giants (Vaults:5)
  4 ironbound thunderhulks
  3 dire elephants (Vaults:4)
  2 green draconians (Depths:4)
  2 black draconians (Depths:4)
  A minotaur (Gauntlet)
  2 purple draconians (Depths:4)
  2 white draconians (Depths:4)
  4 spark wasps
  4 deep elf death magi (Elf:3)
  4 ettins
  A mummy priest (WizLab)
  A crystal guardian (Vaults:4)
  2 yaktaur captains
  A merfolk impaler (Shoals:4)
  4 ragged hierophants (Desolation)
  5 entropy weavers
  3 fire dragons
  3 servants of whispers (Desolation)
  8 vault guards (Vaults:5)
  2 hydras (Lair:5)
  A spriggan air mage (Depths:2)
  3 radroaches
  4 ironbound frosthearts
  4 ice dragons
  A catoblepas (Shoals:2)
  A merfolk avatar (Shoals:2)
  A merfolk aquamancer (Shoals:4)
  3 two-headed ogres (Orc:2)
  3 deep troll shamans (Depths:3)
  6 centaur warriors
  14 death yaks
  2 boulder beetles
  A deep troll earth mage (Depths:3)
  A death yak (shapeshifter) (Vaults:5)
  An orc high priest (Orc:1)
  2 sun demons (Shoals:1)
  4 iron trolls (Depths:3)
  A sea snake (Shoals:3)
  2 pharaoh ants
  A skeletal warrior (Crypt:2)
  A flayed ghost (Vaults:5)
  A glowing orange brain (Depths:2)
  23 deep trolls
  An orb spider (shapeshifter) (D:15)
  3 phantasmal warriors (Vaults:5)
  4 orb spiders
  4 ironbound convokers
  2 lindwurms
  6 harpies
  4 steelbarb worms
  A necromancer (Depths:2)
  2 orc knights (Vaults:5)
  3 deep elf zephyrmancers
  An oklob plant (Lair:3)
  8 wolf spiders
  11 ugly things
  An orc sorcerer (Vaults:5)
  3 fauns (Shoals:3)
  4 manticores
  A salamander (shapeshifter) (Vaults:5)
  A merfolk siren (Shoals:4)
  A salamander (D:15)
  5 cyclopes
  A moth of wrath (shapeshifter) (Vaults:5)
  5 moths of wrath
  2 elephants (Lair:3)
  A black mamba (Lair:5)
  4 water nymphs
  6 vault sentinels
  A demonic crawler (Spider:1)
  2 cane toads
  2 guardian serpents (Desolation)
  3 torpor snails
  8 rime drakes (IceCv)
  10 yaktaurs
  A freezing wraith (Crypt:2)
  An unseen horror (D:11)
  A yellow draconian zombie (Crypt:2)
  5 komodo dragons
  A tengu conjurer (D:10)
  3 trolls
  5 merfolk
  A meliai (Gauntlet)
  8 tarantellas
  6 polar bears (IceCv)
  8 hornets
  6 snapping turtles
  2 blink frogs (Lair:5)
  2 dream sheep
  27 saltlings (Desolation)
  A slime creature (Vaults:2)
  12 jumping spiders
  3 spriggans
  3 water elementals
  10 culicivoras
  A hog (D:15)
  23 yaks
  28 redbacks
  11 humans (D:13)
  2 wargs
  2 water moccasins
  7 orc warriors
  8 ogres
  7 wolves
  A centaur (D:14)
  A kobold brigand (D:9)
  2 bullfrogs (Lair:3)
  A scorpion (Lair:2)
  A tengu zombie (WizLab)
  7 orc priests
  2 orc wizards (Orc:1)
  A gnoll (D:10)
  A worm (Lair:2)
  14 orcs
  2 giant cockroaches (Lair:2)
  A hobgoblin (D:1)
  A kobold (D:9)
  A ball python (D:1)
  A bat (D:1)
  A frilled lizard (D:1)
  A rat (D:1)
  A bush (Lair:3)
  A butterfly (Lair:4)
542 creatures vanquished.

Vanquished Creatures (others)
  Sojobo (Vaults:3)
  A caustic shrike (Depths:4)
  Jorgrun (D:15)
  2 rockslimes (Crypt:2)
  A tengu reaver (Vaults:5)
  A fire giant (Vaults:5)
  A frost giant (Vaults:5)
  3 imperial myrmidons (Desolation)
  An ironbound thunderhulk (Vaults:2)
  Nessos (D:15)
  A deep elf annihilator (Elf:2)
  2 spark wasps
  A dire elephant (Vaults:2)
  A merfolk javelineer (Shoals:4)
  A merfolk impaler (Shoals:4)
  An ice dragon (Depths:3)
  3 hydras
  A servant of whispers (Desolation)
  5 vault guards (Vaults:5)
  A radroach (Spider:4)
  A merfolk aquamancer (Shoals:4)
  A centaur warrior (Gauntlet)
  A jorogumo (Gauntlet)
  2 two-headed ogres
  A death yak (Shoals:2)
  5 deep elf knights
  A goliath frog (Gauntlet)
  A pharaoh ant (Spider:1)
  2 deep trolls
  A wizard (D:15)
  A deep elf archer (Gauntlet)
  2 steelbarb worms
  A harpy (Shoals:4)
  A deep elf pyromancer (Elf:2)
  An ugly thing (D:13)
  A phantasmal warrior (Crypt:2)
  3 wolf spiders
  3 manticores
  2 cyclopes
  A moth of wrath (shapeshifter) (Vaults:5)
  2 black mambas
  A water nymph (Shoals:1)
  A gargoyle (D:12)
  2 yaktaurs
  A rime drake (IceCv)
  A hydra zombie (Lair:5)
  A troll (Orc:2)
  2 blink frogs (Lair:3)
  A hornet (Spider:4)
  A snapping turtle (Lair:3)
  3 yaks
  2 jumping spiders (Spider:1)
  3 culicivoras
  A human (D:13)
  3 redbacks
  A cane toad zombie (Lair:3)
  An orc warrior (D:13)
  4 elephant zombies (Lair:3)
  An ice beast (IceCv)
  A boggart (D:14)
  2 centaurs (D:13)
  A komodo dragon zombie (Lair:5)
  2 bullfrogs (Lair:4)
  A water moccasin zombie (Lair:1)
  13 yak zombies
  An electric eel (Lair:3)
  5 wolf zombies (Lair:3)
  3 bullfrog zombies
  A centaur zombie (D:7)
  A scorpion zombie (Lair:2)
  A killer bee zombie (D:9)
  A human zombie (D:7)
  A kobold zombie (D:7)
  An iguana zombie (D:7)
  A jelly zombie (D:7)
  A giant cockroach zombie (Lair:2)
  3 orc zombies
  2 bushes
  34 fungi
  166 plants
  41 tentacles (Shoals:4)
  18 toadstools (Lair:4)
  3 withered plants (Elf:2)
398 creatures vanquished.

Grand Total: 2620 creatures vanquished

Notes
Turn   | Place    | Note
-------+----------+-------------------------------------------
     0 | D:1      | Mesmaeker13 the Mummy Necromancer began the quest for the
                  | Orb.
     0 | D:1      | Reached XP level 1. HP: 13/13 MP: 4/4
   126 | D:1      | Reached XP level 2. HP: 15/19 MP: 0/6
   441 | D:1      | You fall into a shaft and drop 1 floor!
   515 | D:2      | Gained mutation: You are in touch with the powers of death.
                  | [Mummy growth]
   515 | D:2      | Reached XP level 3. HP: 24/24 MP: 5/7
  1667 | D:3      | Noticed Terence
  1677 | D:3      | Killed Terence
  1678 | D:3      | Reached XP level 4. HP: 24/30 MP: 2/9
  1742 | D:3      | Learned a level 3 spell: Vampiric Draining
  1953 | D:2      | Learned a level 4 spell: Dispel Undead
  2179 | D:4      | Noticed a black bear
  2189 | D:4      | Killed a black bear
  2190 | D:4      | Reached skill level 5 in Necromancy
  2190 | D:4      | Reached XP level 5. HP: 35/35 MP: 7/11
  2423 | D:4      | Noticed Blork the orc
  2431 | D:4      | Killed Blork the orc
  2432 | D:4      | Reached XP level 6. HP: 31/41 MP: 5/13
  2837 | D:5      | Entered Level 5 of the Dungeon
  2837 | D:5      | Noticed an ice beast
  2846 | D:4      | Killed an ice beast
  2847 | D:4      | Reached skill level 5 in Spellcasting
  3004 | D:5      | Reached XP level 7. HP: 39/46 MP: 10/15
  3007 | D:5      | Reached skill level 6 in Necromancy
  3292 | D:5      | Found a transporter.
  3317 | D:5      | Reached skill level 1 in Armour
  3344 | D:5      | Found Geezoam's General Store.
  3391 | D:5      | Found a transporter.
  3391 | D:5      | Found Giwkiula's Book Shoppe.
  3414 | D:5      | Found Nimneow's Assorted Antiques.
  3422 | D:5      | Bought a glimmering short sword for 168 gold pieces
  3422 | D:5      | Identified the +9 short sword "Fiejebet" {vamp, rC+ Str+6}
                  | (You bought it in a shop on level 5 of the Dungeon)
  3429 | D:5      | Noticed an animated shadow dragon scales
  3445 | D:5      | Found Agip's Armour Shoppe.
  3448 | D:5      | Noticed an animated pearl dragon scales
  3466 | D:5      | Identified the +4 cloak of Jiryp {rN+ rCorr}
  3588 | D:5      | Found Taimil's Weapon Boutique.
  3684 | D:5      | Reached skill level 1 in Short Blades
  3763 | D:5      | Found an ancient bone altar of Kikubaaqudgha.
  4039 | D:3      | Reached XP level 8. HP: 52/52 MP: 13/18
  4926 | D:6      | Found a staircase to the Ecumenical Temple.
  4943 | D:6      | Reached skill level 7 in Necromancy
  5126 | D:6      | Found a glowing drain.
  5130 | Sewer    | Entered a sewer
  5865 | Temple   | Entered the Ecumenical Temple
  5865 | Temple   | Found a transporter.
  5865 | Temple   | Found a transporter.
  5867 | Temple   | Found a transporter.
  5867 | Temple   | Found a transporter.
  5965 | D:5      | Became a worshipper of Kikubaaqudgha
  6085 | D:7      | Reached XP level 9. HP: 15/57 MP: 17/21
  6528 | D:9      | Reached * piety under Kikubaaqudgha
  6528 | D:9      | Received a gift from Kikubaaqudgha
  6529 | D:9      | Reached skill level 8 in Necromancy
  6537 | D:9      | Learned a level 4 spell: Animate Dead
  6701 | D:9      | Noticed a two-headed ogre
  6730 | D:9      | Found Ywkobits's Changing Room.
  6792 | D:9      | Killed a two-headed ogre
  6793 | D:9      | Reached skill level 1 in Shields
  6989 | D:9      | Found Yfeusch's Assorted Antiques.
  6995 | D:9      | Bought a jewelled hat for 252 gold pieces
  6995 | D:9      | Identified the +1 hat of the Gloaming {Contam Fly Int+3
                  | Dex+4} (You bought it in a shop on level 9 of the Dungeon)
  7544 | D:9      | Found Yllalea's Tiny Tomes.
  7798 | D:8      | Reached XP level 10. HP: 63/63 MP: 21/23
  7846 | D:8      | Reached ** piety under Kikubaaqudgha
  7847 | D:8      | Reached skill level 5 in Short Blades
  7856 | D:8      | Reached skill level 9 in Necromancy
  8023 | D:8      | Found a staircase to the Lair.
  8240 | D:7      | Reached skill level 10 in Spellcasting
  8397 | D:7      | Noticed Maggie
  8560 | D:7      | Found a radiant altar of Vehumet.
  8714 | D:7      | Killed Maggie
  8841 | D:7      | Noticed a five-headed hydra
  8852 | D:7      | Noticed a cyclops
  8863 | D:7      | Your ally Maggie died
  8873 | D:7      | Killed a cyclops
  9034 | D:10     | Entered Level 10 of the Dungeon
  9215 | D:10     | Noticed a tengu warrior
  9218 | D:10     | Noticed Gekot's ghost (journeyman GrFi)
  9229 | D:10     | Reached skill level 10 in Necromancy
  9315 | Lair:1   | Entered Level 1 of the Lair of Beasts
  9315 | Lair:1   | Noticed a cane toad
  9325 | Lair:1   | Killed a cane toad
  9387 | Lair:1   | Noticed a cane toad
  9406 | Lair:1   | Reached XP level 11. HP: 67/68 MP: 23/26
  9423 | Lair:1   | Reached *** piety under Kikubaaqudgha
  9423 | Lair:1   | Received a gift from Kikubaaqudgha
  9424 | Lair:1   | Reached skill level 5 in Shields
  9717 | Lair:1   | Identified the +0 ring mail of Nice Birdsong {+Blink Str+4
                  | Dex-5}
 10946 | Lair:2   | Identified the ring of Ukhuesiv {Ice rElec rPois rN+ Will-}
 10980 | Lair:2   | Reached skill level 11 in Necromancy
 11249 | Lair:2   | Identified the +0 scale mail of the Turtle {rF+ Regen+}
 11316 | Lair:2   | Reached **** piety under Kikubaaqudgha
 11334 | Lair:2   | Learned a level 4 spell: Anguish
 11347 | Lair:2   | HP: 3/68 [demonic crawler (13)]
 11630 | Lair:2   | Found a hole to the Spider Nest.
 11651 | Lair:2   | You are sucked into a shaft and drop 1 floor!
 11651 | Lair:3   | Noticed an oklob plant
 11663 | Lair:3   | Reached skill level 1 in Hexes
 11665 | Lair:3   | Killed an oklob plant
 11675 | Lair:3   | Noticed a catoblepas
 11741 | Lair:3   | Identified 2 scrolls of acquirement
 11784 | Lair:3   | Reached XP level 12. HP: 68/74 MP: 18/28
 11871 | Lair:3   | Killed a catoblepas
 11984 | Lair:3   | Noticed a six-headed hydra
 12016 | Lair:3   | Killed a six-headed hydra
 12017 | Lair:3   | Reached skill level 12 in Necromancy
 12403 | Lair:3   | Noticed a seven-headed hydra
 12871 | Lair:3   | Killed a seven-headed hydra
 12933 | Lair:3   | Reached skill level 5 in Hexes
 13129 | Lair:3   | Found a staircase to the Shoals.
 13530 | Lair:3   | Learned a level 6 spell: Death Channel
 13627 | Lair:4   | Noticed a death yak
 13627 | Lair:4   | Noticed a death yak
 13643 | Lair:4   | Noticed a death yak
 13644 | Lair:4   | Noticed a death yak
 13650 | Lair:4   | Killed a death yak
 13660 | Lair:4   | Killed a death yak
 13663 | Lair:4   | Killed a death yak
 13670 | Lair:4   | Killed a death yak
 13823 | Lair:4   | Learned a level 5 spell: Agony
 13864 | Lair:4   | Noticed a four-headed hydra
 14191 | Lair:4   | Reached skill level 13 in Necromancy
 14319 | Lair:4   | Gained mutation: You are strongly in touch with the powers
                  | of death. [Mummy growth]
 14319 | Lair:4   | Reached XP level 13. HP: 77/79 MP: 20/29
 14458 | Lair:4   | Found a blossoming altar of Fedhas.
 14767 | Lair:3   | Reached ***** piety under Kikubaaqudgha
 15442 | Lair:5   | Entered Level 5 of the Lair of Beasts
 15922 | Lair:5   | Found a viscous altar of Jiyva.
 15936 | Lair:5   | Found a staircase to the Slime Pits.
 16667 | Lair:5   | Reached skill level 14 in Necromancy
 16826 | Lair:5   | Reached skill level 10 in Shields
 17566 | Lair:5   | Reached XP level 14. HP: 80/85 MP: 9/30
 17984 | Lair:5   | Identified the +9 scimitar "Pojel" {flame, rPois rCorr
                  | Str-5 Dex+5}
 18434 | D:10     | Found Gooti's Magic Scroll Emporium.
 18570 | D:10     | Found a runed translucent gate.
 18570 | D:10     | Found a runed translucent gate.
 18570 | D:10     | Found a runed translucent gate.
 20096 | D:12     | Noticed Psyche
 20105 | D:12     | Killed Psyche
 20508 | D:12     | Found a staircase to the Orcish Mines.
 20835 | D:12     | Reached ****** piety under Kikubaaqudgha
 20965 | D:12     | Found a portal to a secret trove of treasure.
 21352 | D:12     | Reached skill level 5 in Armour
 21451 | D:12     | Reached skill level 1 in Polearms
 22510 | D:12     | Got the Treatise on Blazing Spellbinding
 22687 | D:12     | Learned a level 5 spell: Borgnjor's Vile Clutch
 22739 | D:13     | Reached skill level 15 in Necromancy
 22917 | D:13     | Reached skill level 1 in Earth Magic
 22942 | D:13     | Found a gate to the Vaults.
 24163 | D:14     | Found a gate leading to a gauntlet.
 24447 | Gauntlet | Entered a Gauntlet
 24447 | Gauntlet | Found a transporter.
 24447 | Gauntlet | Found a transporter.
 24530 | Gauntlet | Found a transporter.
 24530 | Gauntlet | Found the ring of the Hare {EV+10}
 24533 | Gauntlet | Found a transporter.
 24543 | Gauntlet | Found a transporter.
 24545 | Gauntlet | Found a transporter.
 24552 | Gauntlet | Found a runed translucent door.
 24554 | Gauntlet | Found a transporter.
 24571 | Gauntlet | Found a transporter.
 24593 | Gauntlet | Found a transporter.
 24597 | Gauntlet | Found a transporter.
 24605 | Gauntlet | Found a transporter.
 24609 | Gauntlet | Found a transporter.
 24872 | Gauntlet | Identified the +2 helmet of Fresh Fun {-Tele rElec rPois
                  | Int+6}
 24873 | Gauntlet | Identified the ring of Irimule {Wiz rN+ SInv Stlth+}
 24987 | Gauntlet | Got the Catalogue of Flamy Corpses
 25402 | D:14     | Reached skill level 10 in Hexes
 25426 | D:14     | Reached XP level 15. HP: 73/90 MP: 8/31
 26422 | D:14     | Found an ornate altar of the Wu Jian Council.
 26520 | D:15     | Entered Level 15 of the Dungeon
 26538 | D:15     | Noticed Nessos
 26564 | D:15     | Killed Nessos
 26565 | D:15     | Noticed Kirke
 26900 | D:14     | Noticed a sphinx
 27602 | D:15     | Reached skill level 1 in Fighting
 28019 | D:15     | Noticed Jorgrun
 28080 | D:15     | Killed Jorgrun
 28300 | D:15     | Found a staircase to the Depths.
 28470 | D:14     | Killed Kirke
 28641 | D:10     | Killed Gekot's ghost
 28882 | Orc:1    | Entered Level 1 of the Orcish Mines
 29301 | Orc:1    | Found Zocrugue's Jewellery Shoppe.
 29320 | Orc:1    | Bought the amulet "Gehiteg" {Reflect rN+ SH+5 Stlth+} for
                  | 704 gold pieces
 29438 | Orc:1    | Found Coungita's Jewellery Emporium.
 29539 | Orc:2    | Entered Level 2 of the Orcish Mines
 29655 | Orc:2    | Found a staircase to the Elven Halls.
 29987 | Orc:2    | Found Zuclifoe's Magic Scroll Boutique.
 30015 | Orc:2    | Reached skill level 5 in Polearms
 30240 | D:9      | Bought a scroll of teleportation for 84 gold pieces
 30354 | D:5      | Bought a scroll of teleportation for 42 gold pieces
 30564 | Orc:1    | Acquired the +0 pair of fencer's gloves {Riposte Dex+3}
 30564 | Orc:1    | Found the +0 pair of fencer's gloves {Riposte Dex+3}
 30637 | Orc:2    | Reached skill level 16 in Necromancy
 30687 | Orc:2    | Reached skill level 5 in Earth Magic
 30691 | Orc:2    | Found Ilumo's Jewellery Boutique.
 30714 | Orc:2    | Found Hoqon's Jewellery Emporium.
 30880 | Orc:2    | Found Sesawank's Assorted Antiques.
 30984 | Orc:2    | Bought a large copper amulet for 130 gold pieces
 30989 | Orc:2    | Bought an encrusted bronze ring for 130 gold pieces
 30993 | Orc:2    | Bought a scroll labelled XEQOIH SOMIT for 26 gold pieces
 31259 | Spider:1 | Entered Level 1 of the Spider Nest
 31345 | Spider:1 | Reached XP level 16. HP: 106/108 MP: 28/32
 31558 | Spider:1 | Reached skill level 5 in Fighting
 31756 | Spider:1 | Found a frozen archway.
 31760 | IceCv    | Entered an ice cave
 32282 | IceCv    | Noticed a shard shrike
 32302 | IceCv    | Killed a shard shrike
 33791 | Spider:1 | Acquired a +3 demon trident of draining
 33796 | Spider:1 | Identified a +5 demon trident of pain (a +3 demon trident
                  | of draining bloodied by Kikubaaqudgha)
 33796 | Spider:1 | Received a gift from Kikubaaqudgha
 34403 | Spider:2 | Noticed Arachne
 34424 | Spider:2 | Killed Arachne
 34442 | Spider:2 | Noticed Mlioglotl
 34493 | Spider:2 | Killed Mlioglotl
 34504 | Spider:2 | Identified the +0 trident of the Sufficient God {elec,
                  | rElec rF- rC+ rCorr}
 34778 | Spider:2 | Reached XP level 17. HP: 91/120 MP: 13/33
 35008 | Spider:2 | Reached skill level 17 in Necromancy
 35599 | Spider:3 | Noticed Aizul
 35609 | Spider:3 | Killed Aizul
 37035 | Spider:4 | Entered Level 4 of the Spider Nest
 38405 | Spider:4 | Identified the +1 hat of Duty {rC+ Stlth+}
 38416 | Spider:4 | Got a gossamer rune of Zot
 38875 | Shoals:1 | Entered Level 1 of the Shoals
 39078 | Shoals:1 | Reached XP level 18. HP: 67/131 MP: 31/34
 39771 | Shoals:2 | Noticed Louise
 39784 | Shoals:2 | Killed Louise
 39802 | Shoals:2 | Noticed Polyphemus
 39814 | Shoals:2 | Killed Polyphemus
 39829 | Shoals:2 | Found Utsisa's General Store.
 41093 | Shoals:4 | Entered Level 4 of the Shoals
 41197 | Shoals:4 | Reached skill level 5 in Dodging
 41197 | Shoals:4 | Reached skill level 18 in Necromancy
 41205 | Shoals:4 | Identified the ring of Life {Will+ MP-9 Int+6 Stlth+}
 41374 | Shoals:4 | Identified the +4 hand axe "Ullinil" {chaos, Will- rCorr
                  | Str+8 Dex-2}
 41798 | Shoals:4 | Got a barnacled rune of Zot
 42117 | Shoals:4 | Reached skill level 10 in Fighting
 42816 | Lair:3   | Learned a level 7 spell: Enfeeble
 43050 | Elf:1    | Entered Level 1 of the Elven Halls
 43209 | Depths:1 | Entered Level 1 of the Depths
 43209 | Depths:1 | Noticed Bai Suzhen
 44231 | Elf:1    | Reached XP level 19. HP: 140/140 MP: 29/35
 45111 | Elf:2    | Found a runed translucent gate.
 45111 | Elf:2    | Found a runed translucent gate.
 45111 | Elf:2    | Found a runed translucent gate.
 45163 | Elf:2    | Found a magical portal.
 45183 | WizLab   | Entered Doroklohe's Tomb
 45668 | WizLab   | Noticed a royal mummy
 45684 | WizLab   | Killed a royal mummy
 45765 | WizLab   | Identified the +1 robe "Hyhoegg" {rCorr}
 45865 | WizLab   | Identified the amulet "Amoynem" {Acrobat Will+}
 46188 | Elf:2    | Noticed Mayja's ghost (veteran DDBe)
 46188 | Elf:2    | Noticed WiseOSalty's ghost (adept DsFi)
 46188 | Elf:2    | Noticed baljet's ghost (adept FeSu)
 46708 | Elf:2    | Reached skill level 10 in Polearms
 46852 | Elf:2    | Found a huge runed translucent gate.
 46852 | Elf:2    | Found a huge runed translucent gate.
 46852 | Elf:2    | Found a huge runed translucent gate.
 46852 | Elf:2    | Found a huge runed translucent gate.
 46853 | Elf:2    | Found a huge runed translucent gate.
 47365 | Elf:2    | Reached skill level 10 in Earth Magic
 47824 | Elf:3    | Entered Level 3 of the Elven Halls
 47849 | Elf:3    | Found Irudghe's Jewellery Emporium.
 47906 | Elf:3    | Paralysed by an air elemental for 1 turns
 48356 | Elf:3    | Identified the +2 pair of gloves of Chimes {rF++ rN+ rCorr}
 49321 | Elf:3    | Reached XP level 20. HP: 134/151 MP: 31/36
 49400 | Elf:3    | Identified the ring of Givvihin {rN+ Will+ SInv Stlth+}
 49403 | Elf:3    | Identified the ring of Mynn {*Corrode rF+ rC- SInv Stlth+}
 49534 | Elf:3    | Identified the +4 trident of Xeog {spect, rC++}
 49534 | Elf:3    | Identified the +4 leather armour of the Arcane {Contam
                  | Str+5 SInv}
 49723 | Elf:3    | Identified the +1 ring mail of Courage {Rampage Slay+3}
 49743 | Elf:3    | Got the Secrets of Glaciation and Intoxication
 50166 | D:15     | Killed Bai Suzhen
 50371 | D:12     | You paid a toll of +3 storm dragon scales to enter a
                  | treasure trove
 50372 | Trove    | Entered a treasure trove
 50389 | Trove    | Identified the +0 robe of the Guilds {Rampage MP+9 Slay-2
                  | Archmagi}
 50391 | Trove    | Identified the +12 chain mail "Oprat" {rN+}
 50733 | D:15     | Reached skill level 19 in Necromancy
 51489 | Elf:3    | Bought a ring of protection from cold for 450 gold pieces
 51894 | D:10     | Bought a scroll of enchant armour for 105 gold pieces
 52139 | Orc:2    | Bought a scroll of enchant armour for 120 gold pieces
 52376 | Depths:1 | Noticed a bone dragon
 52381 | Depths:1 | Killed a bone dragon
 52536 | Depths:1 | Found a gateway to Hell.
 52758 | Depths:1 | Noticed Nikola
 52766 | Depths:1 | Killed Nikola
 52767 | Depths:1 | Paralysed by a floating eye for 4 turns
 52775 | Depths:1 | Paralysed by a floating eye for 2 turns
 53681 | Depths:2 | Reached skill level 15 in Hexes
 53722 | Depths:2 | Noticed a juggernaut
 53742 | Depths:2 | Killed a juggernaut
 54372 | Depths:2 | Got the Codex of Mighty Combustion
 54540 | Depths:2 | Found a one-way gate leading to the halls of Pandemonium.
 54930 | Depths:3 | Found a one-way gate to the infinite horrors of the Abyss.
 55168 | Depths:3 | Reached XP level 21. HP: 160/160 MP: 24/38
 55618 | Depths:3 | Noticed a caustic shrike
 55621 | Depths:3 | Found a one-way gateway to a ziggurat.
 55995 | Depths:3 | Identified the +8 falchion of Vinok {flame, rF+ rC+ Str+3
                  | Dex-3}
 56269 | Depths:3 | Killed a caustic shrike
 56270 | Depths:3 | Noticed a golden dragon
 56276 | Depths:3 | Killed a golden dragon
 56382 | Depths:3 | Identified the +0 tower shield of Ilow {Int-3 Dex+6}
 56732 | Depths:4 | Entered Level 4 of the Depths
 56732 | Depths:4 | Found Zerref's Weapon Boutique.
 56791 | Depths:4 | Noticed a caustic shrike
 56796 | Depths:4 | Noticed a caustic shrike
 56797 | Depths:4 | Killed a caustic shrike
 56798 | Depths:4 | Noticed a caustic shrike
 56798 | Depths:4 | Noticed a caustic shrike
 56799 | Depths:4 | Noticed a caustic shrike
 56803 | Depths:4 | Killed a caustic shrike
 56805 | Depths:4 | Killed a caustic shrike
 56808 | Depths:4 | Killed a caustic shrike
 56810 | Depths:4 | Killed a caustic shrike
 57420 | Depths:4 | Reached skill level 10 in Armour
 57689 | Depths:4 | Noticed a golden dragon
 58064 | Depths:4 | Reached skill level 20 in Necromancy
 58075 | Depths:4 | Killed a golden dragon
 58257 | Depths:4 | Found a gate to the Realm of Zot.
 58300 | Depths:4 | Reached XP level 22. HP: 28/170 MP: 17/40
 59025 | Depths:4 | Noticed a golden dragon
 59090 | Depths:4 | Noticed a golden dragon
 59100 | Depths:4 | Killed a golden dragon
 59387 | Depths:4 | Killed a golden dragon
 59912 | Vaults:1 | Entered Level 1 of the Vaults
 60637 | Vaults:1 | Reached skill level 15 in Spellcasting
 60942 | Vaults:1 | Identified the +0 scale mail of Tentacled Fun {rN+ MP+9
                  | Int+3}
 60943 | Vaults:1 | Identified the +2 leather armour of the Abyss {rElec rC-
                  | Int+4}
 60964 | Vaults:1 | Identified the amulet of Itiok {Acrobat rF+ Dex+2}
 61048 | Vaults:1 | Identified the +3 hand axe of Mesmaeker13's Peril {flame,
                  | rC+ rN+ Int+5 Dex-2}
 61326 | Vaults:2 | Learned a level 5 spell: Metabolic Englaciation
 61555 | Vaults:2 | Reached skill level 1 in Ice Magic
 61819 | Vaults:2 | Found the +5 Lochaber axe {reach-cleave, Poleaxe Drain}
 62109 | Vaults:2 | Noticed Boris
 62141 | Vaults:2 | Killed Boris
 63090 | Vaults:3 | Reached XP level 23. HP: 178/178 MP: 42/42
 63118 | Vaults:3 | Identified the +6 morningstar of Daopsunt {venom, Will++}
 63559 | Vaults:3 | Noticed Sojobo
 63565 | Vaults:3 | Paralysed by an air elemental for 1 turns
 63581 | Vaults:3 | Paralysed by an air elemental for 1 turns
 63586 | Vaults:3 | Killed Sojobo
 63903 | Vaults:3 | Found a staircase to the Crypt.
 63922 | Vaults:3 | Found Ipenoif's General Store.
 64446 | Vaults:4 | Reached skill level 5 in Ice Magic
 65030 | Vaults:4 | Found a crumbling gateway.
 65048 | Desolati | Entered the Desolation of Salt
 65719 | Desolati | Identified the +5 morningstar of Eternal Vigilance {chaos,
                  | Dex+6}
 65748 | Desolati | Identified the +3 long sword of Gallantry {antimagic, rPois
                  | rN+ Dex-2}
 65751 | Desolati | Identified the +2 ring mail "Byidgh" {Int+5}
 65960 | Desolati | Identified the +1 scale mail "Wodoiz" {rF++ rC+}
 65965 | Desolati | Identified the +0 plate armour of the Barnacled God {-Tele
                  | Will+++ Dex+3 SInv}
 66377 | Desolati | Identified the +2 cloak of the First Snow {rC+ Stlth+}
 66384 | Desolati | Identified the ring "Goecot" {Drain rElec rF+++ rN+ Will-}
 66397 | Desolati | Identified the staff of poison "Sipampit" {rPois Will+
                  | Int+2 Dex-4}
 66427 | Desolati | Identified the +1 robe of Zin's Indignation {+Inv rC-
                  | Regen+}
 67050 | Vaults:4 | Reached XP level 24. HP: 176/185 MP: 10/42
 67479 | Vaults:4 | Noticed Boris
 67857 | Vaults:4 | Killed Boris
 68370 | D:10     | Bought a scroll of brand weapon for 133 gold pieces
 68370 | D:10     | Bought a scroll of summoning for 133 gold pieces
 68516 | Orc:2    | Bought a scroll of brand weapon for 152 gold pieces
 68865 | Elf:2    | Killed Mayja's ghost
 68873 | Elf:2    | Killed WiseOSalty's ghost
 68918 | Elf:1    | Killed baljet's ghost
 69356 | Crypt:1  | Entered Level 1 of the Crypt
 69758 | Crypt:1  | Found a runed translucent door.
 70640 | Crypt:1  | Identified the staff of death "Fuarphaose" {rF+ rC- rN+
                  | Str+3}
 71176 | Crypt:1  | Noticed Ntrails's ghost (legendary DjCA)
 71312 | Crypt:2  | Found a transporter.
 71388 | Crypt:2  | Noticed Zenata
 71399 | Crypt:2  | Killed Zenata
 71705 | Crypt:2  | Found a shimmering blue altar of Sif Muna.
 71915 | Crypt:2  | Identified the staff of cold "Quraz" {rC+ Int+3}
 71915 | Crypt:2  | Identified the +2 robe "Yqufumm" {rCorr Int+4 SInv
                  | Archmagi}
 72625 | Crypt:2  | Found a transporter.
 72666 | Crypt:2  | Learned a level 6 spell: Simulacrum
 72668 | Crypt:3  | Entered Level 3 of the Crypt
 73705 | Crypt:3  | Reached skill level 10 in Ice Magic
 73711 | Crypt:3  | Reached XP level 25. HP: 159/191 MP: 31/42
 74166 | Crypt:3  | Found an ancient bone altar of Kikubaaqudgha.
 74238 | Crypt:3  | Found a basalt altar of Yredelemnul.
 74257 | Crypt:3  | Identified the amulet of Life {Regen+ Str+2 Int+3}
 74257 | Crypt:3  | Identified the ring "Obonajua" {rPois rN+ rCorr Int-5}
 74297 | Crypt:3  | Got the Incunabulum of Shocking Locality
 74325 | Crypt:3  | Identified the +7 war axe "Tuyqaz" {heavy, rF+ Will+}
 74436 | Crypt:3  | Found a staircase to the Tomb.
 74894 | Vaults:5 | Entered Level 5 of the Vaults
 74943 | Vaults:5 | Noticed an ancient lich
 75359 | Vaults:5 | Reached skill level 10 in Dodging
 75641 | Vaults:5 | Noticed an ancient lich
 75649 | Vaults:5 | Noticed Jory
 75657 | Vaults:5 | Killed an ancient lich
 75791 | Vaults:5 | Killed from afar by Jory

Illustrated notes

Levels and vault maps discovered:
D:1:      scummos_arrival_simple_fountains, layout_basic
D:2:      layout_loops_corners
D:3:      layout_basic, minmay_joined_circles, uniq_terence
D:4:      layout_loops_ring, minmay_misc_feat_diagonals, hex_medium,
          uniq_blork_the_orc
D:5:      layout_cave_pools, overflow_temple_1_default,
          mainiacjoe_overflow_concentric_impassable, serial_shops, shop,
          nicolae_shop_mannequins, shop, nicolae_shop_pleasant_corner_grove,
          nicolae_shop_drivethru, kennysheep_potato
D:6:      layout_gridville, minmay_temple_entry_wispy, gup_sewer_entry_spiral,
          grunt_decor_clamped
D:7:      nzn_winding_woodlands_cross [nzn_winding_woodlands_5x15_garden,
          nzn_winding_woodlands_5x15_jagged,
          nzn_winding_woodlands_5x15_sidewinder,
          nzn_winding_woodlands_5x15_sawtooth,
          nzn_winding_woodlands_15x15_thick_spiral], layout_gridville,
          nicolae_vehumet_radiance, uniq_maggie
D:8:      layout_rooms, grunt_lair_entry_orc_guard_hut
D:9:      layout_roguey, serial_shops, shop,
          nicolae_shop_i_like_small_books_too, nicolae_transmutations_shop
D:10:     layout_loops_corners, gammafunk_ghost_icy, serial_shops,
          nicolae_shop_peninsula
D:11:     layout_rooms
D:12:     layout_basic, hiddenorc2_lemuel, enter_trove_0, minmay_misc_feat_x,
          uniq_psyche
D:13:     layout_basic, grunt_vaults_entry_tiered
D:14:     layout_rooms, gauntlet_entry_generic, nzn_wu_jian_council_hall
D:15:     hangedman_depths_entry_try_elsewhere_first, layout_rooms,
          dreamdust_mushroom_princess, minivault_23, uniq_jorgrun, uniq_nessos,
          uniq_kirke
Temple:   hellmonk_temple_divided_pantheon
Lair:1:   layout_roguey, grunt_megastairs_3
Lair:2:   layout_misc_corridors, nicolae_spider_entry_non_spiders,
          infiniplex_staircase_pool_2
Lair:3:   layout_loops_ring, minmay_shoals_entry_hut, st_stairs_7,
          serial_bayou_pond_e, minivault_24, minmay_lair_oklob_bushes,
          grunt_megastairs_4
Lair:4:   layout_cave_pods, tgw_fedhas, lemuel_fruit_fields
Lair:5:   evilmike_catoblepas_cave, layout_layer_cave,
          nicolae_slime_entry_field_trip, minmay_shattered_shrine
Shoals:1: layout_shoals, nicolae_shoals_sun_and_surf
Shoals:2: layout_shoals, serial_shops, shop, uniq_polyphemus, uniq_louise
Shoals:3: layout_shoals
Shoals:4: shoals_end_hangedman, layout_shoals
Spider:1: nicolae_spider_hilbert_zone_4 [nicolae_spider_hilbert_4_sides_2_open,
          nicolae_spider_hilbert_4_sides_1_open,
          nicolae_spider_hilbert_4_sides_1_open,
          nicolae_spider_hilbert_4_sides_1_open,
          nicolae_spider_hilbert_4_sides_1_open,
          nicolae_spider_hilbert_2_sides_1_open,
          nicolae_spider_hilbert_2_sides_1_open,
          nicolae_spider_hilbert_2_sides_1_open,
          nicolae_spider_hilbert_2_sides_1_open,
          nicolae_spider_hilbert_6_sides_1_open,
          nicolae_spider_hilbert_6_sides_1_open,
          nicolae_spider_hilbert_3_sides_1_open,
          nicolae_spider_hilbert_3_sides_1_open],
          portal_ice_cave_entry_pillars_three
Spider:2: layout_cave_pods, uniq_arachne, uniq_mlioglotl
Spider:3: layout_spider_delve, nicolae_spider_moth_buddies, uniq_aizul
Spider:4: spider_rune_water
Orc:1:    layout_caves, ebering_ghost_gozag, serial_shops, nicolae_diamond_shop,
          shop, nicolae_shop_peninsula, nicolae_diamond_shop, mines5_lemuel
Orc:2:    st_orc_open, layout_diamond_mine
Elf:1:    elf_arrival_001, layout_onion_city,
          hangedman_elven_crosses_minicolossus
Elf:2:    elven_hall_of_blades_hangedman_alternative
          [infiniplex_blade_entry_pillars], layout_gridlike,
          gammafunk_ghost_cemetery, mu_enter_wizlab_1
Elf:3:    elf_hall, layout_gridlike, serial_shops, shop
Vaults:1: nicolae_vaults_network_barrier, hangedman_vaults_capsules, v_misc_25,
          vaults_room_hallway, nicolae_vaults_storing_the_good_stuff,
          nicolae_vaults_storage_closets_1, nicolae_vaults_house_3,
          vaults_room_hallway, vaults_room_hallway, layout_vaults_big_room
Vaults:2: nicolae_vaults_heart-shaped_vault, v_misc_23, ontoclasm_vaults_eye,
          v_misc_26, hangedman_vaults_corner_blocks,
          nicolae_vaults_network_quinsquares
          [nicolae_vaults_network_quincunx_subvault,
          nicolae_vaults_network_quincunx_subvault,
          nicolae_vaults_network_quincunx_subvault,
          nicolae_vaults_network_quincunx_subvault], v_misc_9, v_pattern_4,
          ontoclasm_vaults_loading_screen, nicolae_vaults_back_hallway,
          st_hourglassy, nicolae_vaults_oval_intersection, grunt_vaults_focal,
          layout_vaults_maze_bifur, uniq_boris
Vaults:3: hangedman_vaults_stretched_pinwheel, v_misc_9, v_rooms_4,
          nicolae_vaults_triangles, minmay_crypt_entry_simple_box, v_misc_3,
          vaults_standard_mumra_enter_the_diamond,
          nicolae_vaults_more_shelving_1, vaults_room_door_ring,
          nicolae_vaults_diamond_2, ontoclasm_vaults_ring_square,
          nicolae_vaults_specimen_jars, layout_vaults_omnibox, serial_shops,
          shop, uniq_sojobo
Vaults:4: portal_desolation_entry_holy_temple, nicolae_vaults_trapezoid_4,
          nicolae_vaults_heist, nicolae_vaults_meiosis, v_misc_24,
          nicolae_vaults_shrinking_rooms_1, nicolae_vaults_closet_pinwheel_3,
          nicolae_vaults_statue_guard, v_rooms_5,
          nicolae_vaults_frosty_reception, nicolae_vaults_trapezoid_3,
          nicolae_vaults_house_1, layout_vaults_ring
Vaults:5: uniq_jory
Crypt:1:  minmay_skeleton_keep, layout_catacombs, ebering_ghost_reflecting_pool,
          nicolae_crypt_ancient_font
Crypt:2:  gammafunk_sealed_library, layout_chaotic_city, uniq_zenata
Crypt:3:  lightli_unholy_cathedral, layout_chaotic_city,
          nicolae_tomb_entry_unfolded_pyramid_orthogonal,
          hangedman_weighted_door, nicolae_fountain_basement
Depths:1: layout_twisted_cross, grunt_mini_vestibule, minmay_holes,
          kennysheep_four_rooms, uniq_nikola, uniq_bai_suzhen
Depths:2: grunt_twist_and_shout, layout_cross, hell_entry, pan_entry
Depths:3: minmay_concentric_multi, layout_cave_pools, enter_ziggurat_a,
          pan_entry, serial_sigils, serial_sigils_hangedman_scratch,
          serial_sigils_hangedman_clutch, serial_sigils_hangedman_confine,
          serial_sigils_hangedman_gnaw, abyss_entry_crystal, hell_entry
Depths:4: lemuel_castle_with_subvaults [lemuel_castle_interior_carwin_2],
          layout_cave_pools, abyss_entry, serial_shops, shop,
          hangedman_coc_ice_floe, serial_bayou, serial_bayou_pond_d,
          serial_bayou_lagoon_a, serial_bayou_shore_a, serial_bayou_crossing,
          minmay_misc_feat_iff

Skill      XL: |  1  2  3  4  5  6  7  8  9 10 11 12 13 14 15 16 17 18 19 20 21 22 23 24 25 |
---------------+----------------------------------------------------------------------------+-----
Spellcasting   | 3 4 5 6 8 9 11 12 13 14 15 | 15.2
Stealth        | 2 3 4 |  4.2
Necromancy     | 5 6 7 8 10 11 13 14 15 16 17 18 19 20 | 20.3
Armour         | 2 3 4 6 7 9 10 12 | 12.0
Short Blades   | 1 3 4 5 |  5.1
Shields        | 2 4 6 8 10 12 14 | 14.6
Hexes          | 2 5 8 10 11 12 13 14 15 16 18 19 | 19.2
Polearms       | 3 5 7 8 9 10 11 12 13 14 | 14.3
Earth Magic    | 2 5 6 8 9 10 11 12 | 12.2
Fighting       | 4 7 8 10 11 12 13 14 | 14.2
Dodging        | 3 5 7 11 | 11.2
Ice Magic      | 3 7 10 11 | 11.6

Action                     |  1- 3 |  4- 6 |  7- 9 | 10-12 | 13-15 | 16-18 | 19-21 | 22-24 | 25-27 || total
---------------------------+-------+-------+-------+-------+-------+-------+-------+-------+-------++-------
  Melee: Dagger            |    49 |       |       |       |       |       |       |       |       ||    49
         Spear             |     4 |    23 |     2 |       |       |       |       |       |       ||    29
         Short sword       |       |       |   273 |   598 |   118 |       |       |       |       ||   989
         Trident           |       |       |    16 |       |   795 |   249 |       |       |       ||  1060
         Punch             |       |       |     2 |     3 |       |       |       |       |       ||     5
         Demon trident     |       |       |       |       |       |   645 |   790 |  1519 |   188 ||  3142
  Throw: Dart              |       |       |     7 |       |     2 |       |       |       |     2 ||    11
         Throwing net      |       |       |       |       |     2 |       |       |       |       ||     2
   Cast: Necrotise         |    31 |    31 |    88 |    32 |       |       |       |       |       ||   182
         Vampiric Draining |       |     1 |    12 |    87 |   100 |       |       |       |       ||   200
         Dispel Undead     |       |       |     4 |       |    15 |       |    37 |    55 |     8 ||   119
         Animate Dead      |       |       |     7 |    27 |     1 |       |       |       |       ||    35
         Anguish           |       |       |       |    16 |    43 |    36 |    18 |    19 |     3 ||   135
         Death Channel     |       |       |       |     4 |    71 |    71 |    59 |    41 |    10 ||   256
         Agony             |       |       |       |     2 |    61 |       |     2 |       |       ||    65
         Borgnjor's Vile C |       |       |       |       |    57 |   160 |   185 |   163 |    38 ||   603
         Enfeeble          |       |       |       |       |       |       |       |     4 |       ||     4
         Metabolic Englaci |       |       |       |       |       |       |       |     1 |     1 ||     2
 Invoke: Unearth Wretches  |       |       |       |       |     5 |     5 |     2 |     3 |     1 ||    16
         Brand Weapon With |       |       |       |       |       |     1 |       |       |       ||     1
  Evoke: Wand              |       |     5 |    38 |    20 |    33 |    13 |       |       |       ||   109
         Phantom mirror    |       |       |       |       |       |       |     3 |     1 |     1 ||     5
    Use: Scroll            |       |       |    11 |     6 |     7 |    11 |    20 |    17 |     7 ||    79
   Stab: Sleeping          |     1 |       |     7 |     3 |     7 |    16 |     7 |    22 |     2 ||    65
         Distracted        |       |       |     1 |     9 |    12 |    22 |    16 |    14 |     4 ||    78
         Paralysed         |       |       |       |       |    48 |     8 |     4 |     5 |     2 ||    67
         Invisible         |       |       |       |       |       |       |       |     3 |       ||     3
 Armour: Robe              |     8 |     2 |       |       |       |       |       |       |       ||    10
         Quicksilver drago |       |       |   147 |   246 |   323 |   201 |       |       |       ||   917
         Scale mail        |       |       |       |       |       |       |    83 |       |       ||    83
         Fire dragon scale |       |       |       |       |       |       |    89 |   323 |    88 ||   500
  Dodge: Dodged            |    27 |    13 |   205 |   238 |   392 |   449 |   366 |   559 |   154 ||  2403
  Block: Kite shield       |       |       |       |   230 |   712 |   780 |   511 |  1142 |   234 ||  3609
         Reflection        |       |       |       |       |     1 |    24 |    32 |    41 |     8 ||   106
Riposte: Trident           |       |       |       |       |    18 |   122 |       |       |       ||   140
         Demon trident     |       |       |       |       |       |   217 |   221 |   479 |   107 ||  1024
